 Dungeon Crawl Stone Soup version 0.15.2 (webtiles) character file.

135 Grimoiregrey the Shield-Bearer (level 5, 0/41 HPs)
             Began as a Human Fighter on Jan 18, 2018.
             Was an Initiate of Fedhas.
             Succumbed to an adder's poison
             ... on Level 4 of the Dungeon.
             The game lasted 00:16:25 (2040 turns).

Grimoiregrey the Shield-Bearer (Human Fighter)      Turns: 2040, Time: 00:16:26

HP   0/41        AC  7     Str 16      XL: 5   Next: 42%
MP   5/5         EV  6     Int  8      God: Fedhas [......]
Gold 86          SH  9     Dex 14      Spells:  0 memorised,  4 levels left

rFire  . . .     SeeInvis .     i - +0 short sword
rCold  . . .     Clarity  .     b - +0 scale mail
rNeg   . . .     rCorr    .     c - +0 shield
rPois  .         rRot     .     (no helmet)
rElec  .         Spirit   .     (no cloak)
SustAb .         Warding  .     (no gloves)
rMut   .         Stasis   .     (no boots)
Gourm  .                        (no amulet)
MR     .....                    (no ring)
                                (no ring)

@: lethally poisoned, not resistant to hostile enchantments, extremely
unstealthy
A: no striking features
a: Renounce Religion


You were on level 4 of the Dungeon.
You worshipped Fedhas.
Fedhas was noncommittal.
You were hungry.

You visited 1 branch of the dungeon, and saw 4 of its levels.

You collected 86 gold pieces.

Inventory:

Hand weapons
 a - a +0 long sword
 i - a +0 short sword (weapon)
 l - a +0 cutlass
Armour
 b - a +0 scale mail (worn)
 c - a +0 shield (worn)
Magical devices
 h - a wand of flame (3) {unknown}
 o - a wand of cold (8)
Comestibles
 d - 3 bread rations
 k - 12 fruits
Scrolls
 f - a scroll of identify
 g - a scroll of fog {unknown}
 j - a scroll of teleportation {unknown}
Potions
 e - a potion of haste {unknown}
 m - a potion of curing {unknown}


   Skills:
 + Level 3.3 Fighting
 + Level 1.2(2.0) Short Blades
 + Level 2.3(2.5) Long Blades
 + Level 3.7 Armour
 + Level 2.1 Dodging
 + Level 3.8 Shields


You had 4 spell levels left.
You didn't know any spells.

Dungeon Overview and Level Annotations

Branches:
Dungeon (4/15)
 Temple: D:4-7

Altars:
Fedhas
Makhleb


Message History

The ball of steam hits you!
* * * LOW HITPOINT WARNING * * *
The adder barely misses you. The goblin hits you but does no damage.
The adder bites you but does no damage.
You continue eating.
You are engulfed in a cloud of scalding steam.
You feel sick. You block the adder's attack. The steam dragon bites you.
* * * LOW HITPOINT WARNING * * *
The steam dragon claws you.
* * * LOW HITPOINT WARNING * * *
The goblin is engulfed in a cloud of scalding steam.
The goblin hits you.
* * * LOW HITPOINT WARNING * * *
You block the adder's attack. The adder bites you but does no damage.
You finish eating.
That royal jelly was delicious!
The steam dragon bites you but does no damage.
The steam dragon claws you but does no damage.
The goblin is engulfed in a cloud of scalding steam.
You die...
Fedhas appreciates your contribution to the ecosystem.

# +........
.###.........
...............
............. ......#
#...........
..........##....S.(.#
...........#..SDg..#
...........#..##...#
.............# #@..#
.(..........# ##..##
............###..##
...........###..##
..........###..##
..............##
..............#
........<....##
..<..........#


You could see a steam dragon, an adder and a goblin.

Vanquished Creatures
  An orc wizard (D:3)
  4 adders (D:2)
  A worm (D:3)
  An ooze (D:2)
  6 orcs (D:3)
  3 bats
  5 giant cockroaches
  5 hobgoblins
  7 jackals (D:1)
  6 kobolds
  2 quokkas
  A ball python (D:1)
  A giant gecko (D:2)
  7 giant newts
  4 goblins
  8 rats
62 creatures vanquished.

Notes
Turn   | Place    | Note
--------------------------------------------------------------
     0 | D:1      | Grimoiregrey, the Human Fighter, began the quest for the Orb.
     0 | D:1      | Reached XP level 1. HP: 18/18 MP: 1/1
   128 | D:1      | Reached XP level 2. HP: 24/24 MP: 2/2
   389 | D:1      | Reached skill level 1 in Dodging
   402 | D:1      | Reached XP level 3. HP: 26/29 MP: 3/3
   720 | D:2      | Found a blossoming altar of Fedhas.
  1097 | D:2      | Reached XP level 4. HP: 35/35 MP: 4/4
  1384 | D:2      | Noticed an oklob plant
  1432 | D:2      | Became a worshipper of Fedhas Madash
  1760 | D:3      | Reached XP level 5. HP: 29/41 MP: 5/5
  1779 | D:3      | Reached skill level 1 in Short Blades
  1852 | D:3      | Found a burning altar of Makhleb.
  1852 | D:3      | Noticed a balrug
  1856 | D:3      | Noticed a smoke demon
  1856 | D:3      | Noticed a neqoxec
  2029 | D:4      | Noticed a steam dragon
  2038 | D:4      | HP: 2/41 [steam dragon (3)]
  2040 | D:4      | Succumbed to an adder's poison

Action                   |  1- 3 |  4- 6 || total
-------------------------+-------+-------++-------
Melee: Long sword        |    75 |       ||    75
       Short sword       |    49 |   148 ||   197
  Use: Scroll            |       |     1 ||     1
       Potion            |       |     1 ||     1
  Eat: Beef jerky        |       |     1 ||     1
       Royal jelly       |       |     1 ||     1
